 Dungeon Crawl Stone Soup version 0.27-a0-941-g386ccf399c (webtiles) character file.

Game seed: 16049793196224093605

856 Glokmah the Magician (level 8, -2/87 HPs)
             Began as a Djinni Venom Mage on Apr 11, 2021.
             Slain by a water moccasin (5 damage)
             ... on level 5 of the Dungeon.
             The game lasted 00:13:35 (6823 turns).

Glokmah the Magician (Djinni Venom Mage)            Turns: 6823, Time: 00:13:36

Health: -2/87      AC: 28    Str: 10    XL:     8   Next: 2%
Gold:   198        EV:  2    Int: 24    God:
                   SH:  0    Dex:  8

rFire    . . .     SeeInvis .   p - +3 quarterstaff (chaos)
rCold    . . .     Faith    .   (shield currently unavailable)
rNeg     + + +     Spirit   .   (armour currently unavailable)
rPois    ∞         Reflect  .   (helmet currently unavailable)
rElec    .         Harm     .   (cloak currently unavailable)
rCorr    .         Rampage  .   (gloves currently unavailable)
Will     .....     NoTele   +   (boots unavailable)
Stlth    +.........             u - amulet of Dithmenos's Supremacy {Acrobat Str+3 Int+4 Dex-5}
HPRegen  0.24/turn              d - +4 ring of protection
MPRegen  0.00/turn              (no ring)

@: tree-form
A: stationary, stasis, torment immunity, boosted hp, (fire resistance 2), (cold
vulnerability 1), float, innate caster, hp casting, extra vitality 1
a: no special abilities


You were on level 5 of the Dungeon.
You were a tree.
You visited 1 branch of the dungeon, and saw 5 of its levels.

You collected 198 gold pieces.

Inventory:

Hand Weapons
 o - a +2 mace of holy wrath
 p - a +3 quarterstaff of chaos (weapon)
Missiles
 c - 51 poisoned darts (quivered)
 g - 140 stones
 m - 29 bolts
Armour
 j - a +0 pair of gloves (melded)
 n - a scarf of resistance (melded)
 r - a +0 helmet (melded)
 t - a +2 robe of fire resistance (melded)
Jewellery
 d - a +4 ring of protection (left branch)
 u - the amulet of Dithmenos's Supremacy (around neck) {Acrobat Str+3 Int+4 Dex-5}
   (You found it on level 4 of the Dungeon)

   [amulet of the acrobat]

   It increases your evasion while moving and waiting.
   It affects your strength (+3).
   It affects your intelligence (+4).
   It affects your dexterity (-5).
Wands
 a - a wand of mindburst (12)
 k - a wand of paralysis (7)
 s - a wand of flame (25)
Scrolls
 h - a scroll of magic mapping
 q - 2 scrolls of teleportation
 v - 2 scrolls of amnesia
 w - 2 scrolls of silence {unknown}
Potions
 e - 2 potions of ambrosia
 i - a potion of brilliance
 l - a potion of resistance
 x - a potion of lignification


   Skills:
 + Level 4.0 Fighting
 + Level 5.2 Dodging
 - Level 1.5 Stealth
 * Level 5.8 Spellcasting


You couldn't memorise any spells.
You knew the following spells:

 Your Spells              Type           Power      Damage    Failure   Level
a - Sting                 Tmut/Pois      100%       1d8       1%          1
b - Poisonous Vapours     Pois/Air       70%        N/A       1%          2
c - Mephitic Cloud        Conj/Pois/Air  35%        N/A       2%          3
d - Ignite Poison         Fire/Tmut/Pois 35%        N/A       2%          3
e - Olgreb's Toxic Radia  Pois           35%        N/A       8%          4
f - Stone Arrow           Conj/Erth      70%        3d11      2%          3
g - Wereblood             Tmut           35%        N/A       1%          2
h - Apportation           Tloc           70%        N/A       1%          1
Your spell library was empty.

Dungeon Overview and Level Annotations

Branches:
Dungeon (5/15)
 Temple: D:4-7

Altars:

Annotations:
D:4 3 runed translucent doors, dln's ghost, amateur MiFi


Innate Abilities, Weirdness & Mutations

You are a tree.
Your roots penetrate the ground, keeping you stationary.
You cannot be teleported.
You are immune to unholy pain and torment.
Your maximum health is greatly increased.
Your equipment is partially melded.
You are immune to poison.
((Your flesh is very heat resistant. (rF++)))
((You are vulnerable to cold. (rC-)))
You float through the air rather than walking.
You learn spells naturally, not from books.
Your magical power is your life essence.
You have superior vitality. (+4 HP)


Message History

The water moccasin closely misses you.
You barely miss the water moccasin.
The water moccasin is severely wounded.
The water moccasin bites you.
* * * LOW HITPOINT WARNING * * *
The water moccasin barely misses you. The water moccasin closely misses you.
You closely miss the water moccasin.
The water moccasin is severely wounded.
The water moccasin bites you but does no damage. x3
You completely miss the water moccasin.
The water moccasin is severely wounded.
The water moccasin bites you.
* * * LOW HITPOINT WARNING * * *
The water moccasin bites you but does no damage.
You miss the water moccasin.
The water moccasin is severely wounded.
The water moccasin barely misses you. The water moccasin bites you.
* * * LOW HITPOINT WARNING * * *
The water moccasin bites you.
* * * LOW HITPOINT WARNING * * *
Okay, then.
Okay, then.
Unknown command.
Unknown command.
Press: ? - help, v - describe, . - travel, g - get item
Here: a water moccasin (severely wounded, fast, unusually agile)
Items here: a +0 giant club; an ogre corpse.
The floor, spattered with blood.
The water moccasin completely misses you.
Really quaff the potion of lignification?
You turn into a tree.
Your scarf of resistance melds into your body.
Your +0 helmet melds into your body.
Your +0 pair of gloves melds into your body.
Your +2 robe of fire resistance melds into your body.
You feel hot and cold all over.
You feel less resistant to fire.
Your roots penetrate the ground.
The water moccasin bites you but does no damage.
The water moccasin bites you.
You die...

##### #...#
###...#####
#.........#
##....[)...#
#..........#
#.##..♣#..##
#..S#...####...
#.)##.#........
#.###..<######.
#.# #.###
#........#
####.##### #$#
#.#


You could see a water moccasin (fast, agile).

Vanquished Creatures
  Grinder (D:5)
  2 ogres
  A scorpion (D:4)
  A water moccasin skeleton (D:4)
  A bullfrog zombie (D:5)
  A bullfrog skeleton (D:3)
  Crazy Yiuf (D:2)
  An orc wizard (D:4)
  Natasha (thrice) (D:2)
  An iguana (D:4)
  5 adders
  3 worms
  2 dart slugs (D:1)
  6 orcs
  7 bats
  8 endoplasms
  8 giant cockroaches
  8 hobgoblins
  19 jackals
  6 quokkas
  9 ball pythons
  3 frilled lizards
  6 goblins
  6 kobolds
  6 rats
115 creatures vanquished.

Notes
Turn   | Place    | Note
-------+----------+-------------------------------------------
     0 | D:1      | Glokmah the Djinni Venom Mage began the quest for the Orb.
     0 | D:1      | Reached XP level 1. HP: 15/15 MP: 0/0
   344 | D:1      | Reached XP level 2. HP: 13/22 MP: 0/0
   958 | D:1      | Reached skill level 1 in Fighting
   974 | D:1      | Reached XP level 3. HP: 8/27 MP: 0/0
   974 | D:1      | Learned a level 1 spell: Apportation
  1738 | D:2      | Noticed Natasha
  2355 | D:2      | Found a faded altar of an unknown god.
  2395 | D:2      | Killed Natasha
  2396 | D:2      | Reached XP level 4. HP: 28/32 MP: 0/0
  2938 | D:2      | Noticed Natasha
  2946 | D:2      | Killed Natasha
  2947 | D:2      | Reached XP level 5. HP: 9/38 MP: 0/0
  2947 | D:2      | Learned a level 2 spell: Wereblood
  3478 | D:2      | Noticed Natasha
  3482 | D:2      | Killed Natasha
  3741 | D:2      | Found a runed translucent door.
  3742 | D:2      | Noticed Crazy Yiuf
  3753 | D:2      | Killed Crazy Yiuf
  4357 | D:3      | Reached XP level 6. HP: 31/45 MP: 0/0
  5647 | D:4      | Identified the amulet of Dithmenos's Supremacy {Acrobat
                  | Str+3 Int+4 Dex-5}
  5663 | D:4      | Found a runed translucent gate.
  5664 | D:4      | Found a runed translucent gate.
  5665 | D:4      | Found a runed translucent gate.
  5667 | D:4      | Noticed dln's ghost (amateur MiFi)
  5692 | D:4      | Reached skill level 5 in Spellcasting
  5692 | D:4      | Reached XP level 7. HP: 34/50 MP: 0/0
  5692 | D:4      | Learned a level 3 spell: Stone Arrow
  6445 | D:5      | Entered Level 5 of the Dungeon
  6445 | D:5      | Noticed Grinder
  6453 | D:5      | Killed Grinder
  6454 | D:5      | Reached skill level 5 in Dodging
  6519 | D:5      | Noticed a vampire
  6801 | D:5      | Reached XP level 8. HP: 51/58 MP: 0/0
  6816 | D:5      | HP: 2/58 [water moccasin (3)]
  6821 | D:5      | HP: 1/58 [water moccasin (4)]
  6823 | D:5      | Slain by a water moccasin

Illustrated notes

Levels and vault maps discovered:
D:1:      shiori_arrival_maze, layout_loops_ring
D:2:      layout_basic, hellmonk_ecumenical_altar_arch_garden,
          minmay_pentomino_x2, uniq_natasha, uniq_crazy_yiuf_cottage
D:3:      layout_loops_cross
D:4:      layout_loops_cross, gammafunk_ghost_necromancy, kennysheep_diamond
D:5:      layout_loops_corners, temple_green, serial_shops, shop,
          gammafunk_ghost_stat_death, uniq_duvessa, uniq_grinder

Skill      XL: |  1  2  3  4  5  6  7 |
---------------+----------------------+-----
Spellcasting   | 3 4 5 |  5.8
Fighting       | 1 2 3 4 |  4.0
Dodging        | 3 4 5 |  5.2
Stealth        | |  1.5

Action                   |  1- 3 |  4- 6 |  7- 9 || total
-------------------------+-------+-------+-------++-------
Melee: Spear             |    20 |    13 |       ||    33
       Quarterstaff      |       |    10 |    27 ||    37
Throw: Dart              |       |       |     1 ||     1
 Cast: Sting             |    46 |    33 |     6 ||    85
       Poisonous Vapours |    22 |    50 |     7 ||    79
       Ignite Poison     |       |     7 |     2 ||     9
       Olgreb's Toxic Ra |       |     3 |     1 ||     4
       Stone Arrow       |       |       |    12 ||    12
  Use: Scroll            |       |       |     7 ||     7
       Potion            |       |       |     2 ||     2
 Stab: Sleeping          |     4 |     2 |       ||     6
       Distracted        |       |     1 |       ||     1
Armor: Robe              |     5 |     5 |    22 ||    32
       Skin              |       |       |     1 ||     1
Dodge: Dodged            |    34 |    19 |    31 ||    84

Table legend: (Time is in decaauts)
 A = Elapsed time spent in this place.
 B = Non-inter-level travel time spent in this place.
 C = Inter-level travel time spent in this place.
 D = Time resting spent in this place.
 E = Time spent auto-exploring this place.
 F = Levels seen in this place.
 G = Mean time per level.
                   A        B        C        D        E       F      G
               +--------+--------+--------+--------+--------+-----+--------+
         Total |   6845 |   6353 |    492 |   1702 |   3584 |   5 | 1369.0 |
       Dungeon |   6845 |   6353 |    492 |   1702 |   3584 |   5 | 1369.0 |
               +--------+--------+--------+--------+--------+-----+--------+

Top non-repeatable levels by time:
     D:1: 2348 daAuts
     D:2: 1862 daAuts
     D:4: 1459 daAuts
     D:3: 1031 daAuts
     D:5: 144 daAuts
